 Dungeon Crawl Stone Soup version 0.23.0 (webtiles) character file.

Game seed: 17428648723150910181

81 Monsterracer the Skirmisher (level 4, -4/29 HPs)
             Began as a Gargoyle Abyssal Knight on Feb 9, 2019.
             Was a Believer of Lugonu.
             Slain by Terence
             ... wielding a +0 flail
              (9 damage)
             ... on level 2 of the Dungeon.
             The game lasted 00:01:34 (1727 turns).

Monsterracer the Skirmisher (GrAK)                  Turns: 1727, Time: 00:01:34

Health: -4/29      AC:  7    Str: 16    XL:     4   Next: 42%
Magic:  5/5        EV: 11    Int: 13    God:    Lugonu [**....]
Gold:   61         SH:  0    Dex:  9    Spells: 3/3 levels left

rFire    . . .     SeeInvis .   a - +1 mace
rCold    . . .     Gourm    .   (no shield)
rNeg     + . .     Faith    .   b - +0 leather armour
rPois    ∞         Spirit   .   (no helmet)
rElec    +         Reflect  .   g - +0 cloak
rCorr    .         Harm     .   (no gloves)
MR       .....                  (no boots)
Stlth    +.........             (no amulet)
HPRegen  0.09/turn              (no ring)
MPRegen  0.09/turn              (no ring)

@: heavily drained
A: negative energy resistance 1, electricity resistance, unbreathing,
petrification resistance, rot immunity, AC +3
a: Depart the Abyss, Bend Space, Renounce Religion


You were on level 2 of the Dungeon.
You worshipped Lugonu.
Lugonu was pleased with you.
You were not hungry.

You visited 1 branch of the dungeon, and saw 2 of its levels.
You visited the Abyss 1 time.

You collected 61 gold pieces.

Inventory:

Hand Weapons
 a - a +1 mace (weapon)
Armour
 b - a +0 leather armour (worn)
 g - a +0 cloak (worn)
Comestibles
 c - 7 rations
 d - 2 chunks of flesh


   Skills:
 + Level 4.2(2.5) Fighting
 * Level 3.8(2.2) Maces & Flails
 - Level 2.1(0.5) Armour
 - Level 0.7(0.0) Dodging
 - Level 2.0(0.4) Invocations


You had 3 spell levels left.
You didn't know any spells.
Your spell library was empty.

Dungeon Overview and Level Annotations

Branches:
Dungeon (2/15)

Altars:

Annotations:
D:2 Terence


Innate Abilities, Weirdness & Mutations

You are resistant to torment.
Your stone body is resilient. (AC +3)
You are immune to poison.
You resist negative energy. (rN+)
You are resistant to electric shocks. (rElec)
You can survive without breathing.
You are immune to petrification.
You are immune to rotting.


Message History

You remove your amulet of harm.
The amulet drains your life force as you remove it!
You feel drained.
You drop an uncursed amulet of harm.
HP restored.
Things that are here:
a +0 hand axe; a +0 leather armour; an orc skeleton; Health restored: 29
Found a scroll labeled LAUPIT QYALO.
There is an open door here.
A goblin comes into view. It is wielding a +0 club.
The goblin shouts!
A goblin is nearby!
You closely miss the goblin. The goblin barely misses you.
You hit the goblin.
You kill the goblin!
Lugonu accepts your kill.
No target in view!
No target in view!
Things that are here:
a +0 club; a goblin corpse You butcher the goblin corpse.
d - 3 chunks of flesh
Things that are here:
a +0 club; a goblin skeleton
Things that are here:
a +0 club; a goblin skeleton Eating one of 3 chunks of flesh.
You eat one of the 3 chunks of flesh.
This raw flesh tastes terrible.
A kobold comes into view. It is wielding a +0 short sword.
A kobold is nearby!
The kobold shouts!
The kobold throws a stone.
The stone misses you.
A kobold is nearby!
The kobold throws a stone.
The stone closely misses you.
The kobold throws a stone.
The stone closely misses you. The kobold misses you.
You hit the kobold.
The kobold is moderately wounded.
The kobold closely misses you.
You closely miss the kobold.
The kobold is moderately wounded.
The kobold hits you but does no damage.
You hit the kobold.
The kobold is severely wounded.
The kobold closely misses you.
The kobold hits you with a +0 short sword.
You take 3 damage, and have 26/29 hp.
A kobold is nearby!
You sock the kobold!
You kill the kobold!
Lugonu accepts your kill.
No target in view!
You now have 61 gold pieces (gained 9).
You see here a +0 short sword.
No target in view!
Health restored: 29 A goblin comes into view.
The goblin shouts!
The goblin moves out of view.
No target in view!
There is an open door here.
Terence the Incautious comes into view.
He is wielding a +0 flail.
There are monsters nearby!
The goblin closely misses you.
There is an open door here.
There are monsters nearby!
You sock the goblin!
You kill the goblin!
Lugonu accepts your kill.
Terence drinks a potion.
Terence goes berserk!
Unknown command.
Unknown command.
Unknown command.
Unknown command.
A dart slug comes into view.
You see here a scroll labeled TIHOEZIJUGE.
Terence hits you with a +0 flail. Terence barely misses you.
There is an open door here.
You take 4 damage, and have 25/29 hp.
Terence rages.
There is an open door here.
Terence rages.
Terence hits you with a +0 flail!
* * * LOW HITPOINT WARNING * * *
You take 13 damage, and have 13/29 hp.
MASSIVE DAMAGE!!
Unknown command.
Terence hits you with a +0 flail!
* * * LOW HITPOINT WARNING * * *
You take 9 damage, and have 4/29 hp.
MASSIVE DAMAGE!!
Unknown command.
Terence hits you but does no damage. Terence hits you but does no damage.
Things that are here:
a +0 club; a goblin skeleton Terence hits you but does no damage.
Terence rages.
Terence misses you.
Terence rages.
Terence hits you with a +0 flail!
You die...

.... #..# #....#
...###..###....# ..
..........'.?..+ ..
...##..###....# ...
####.##..# #....# ...
######.....#..###....#.#.
....
#..........#.........#.#.
....###
#........@....######.#.#.
......# #.......@##..##
####.#.#.
.....?###........##..#
#....#.#.
......'.'.w.....)....#
#.##.#.#.
......###........##..#
#.##.#.#. ......#
#........###.# #.##.....
......# #..).....# #.#
#.##.#.#) w.....#
#........# #.# #.##.#.#.
.#....# #........#
#.####.##.#... ......#
#........###......##.#...


You could see Terence (berserk) and a dart slug.

Vanquished Creatures
  An orc priest (D:2)
  2 oozes (D:1)
  A worm (D:2)
  2 orcs (D:2)
  5 giant cockroaches (D:1)
  6 goblins
  4 hobgoblins (D:1)
  7 bats (D:1)
  2 frilled lizards (D:1)
  3 kobolds
  6 rats (D:1)
39 creatures vanquished.

Notes
Turn   | Place    | Note
-------+----------+-------------------------------------------
     0 | Abyss:1  | Monsterracer the Gargoyle Abyssal Knight began the quest
                  | for the Orb.
     0 | Abyss:1  | Reached XP level 1. HP: 14/14 MP: 2/2
    13 | D:1      | Escaped the Abyss
    52 | D:1      | Reached XP level 2. HP: 16/19 MP: 3/3
   106 | D:1      | HP: 9/19 [hobgoblin (2)]
   583 | D:1      | Reached XP level 3. HP: 20/24 MP: 4/4
   695 | D:1      | Reached ** piety under Lugonu
  1308 | D:2      | HP: 7/24 [orc priest/+0 hand axe (7)]
  1310 | D:2      | HP: 1/24 [orc priest/+0 hand axe (4)]
  1311 | D:2      | Reached skill level 4 in Fighting
  1311 | D:2      | Reached XP level 4. HP: 1/29 MP: 5/5
  1706 | D:2      | Noticed Terence
  1713 | D:2      | HP: 13/29 [Terence/+0 flail (13)]
  1715 | D:2      | HP: 4/29 [Terence/+0 flail (9)]
  1727 | D:2      | Slain by Terence

Skill      XL: |  1  2  3 |
---------------+----------+-----
Maces & Flails | 3 |  3.8
Fighting       | 4 |  4.2
Armour         | |  2.1
Dodging        | |  0.7
Invocations    | |  2.0

Action                   |  1- 3 |  4- 6 || total
-------------------------+-------+-------++-------
Melee: Mace              |   157 |     7 ||   164
  Eat: Chunk             |     2 |     1 ||     3
Armor: Leather armour    |    93 |     3 ||    96
Dodge: Dodged            |   126 |    10 ||   136

Levels and vault maps discovered:
D:1:      moated_graveyard_arrival, layout_loops_ring
D:2:      layout_basic, okawaru_trees_1, uniq_terence
Abyss:1
